 Dungeon Crawl Stone Soup version 0.32-a0-931-g5a2cda0630 (webtiles) character file.

Game seed: 2045207870494119411

9 Biggs the Trooper (level 2, 12/24 HPs)
             Began as a Demonspawn Fighter on Apr 14, 2024.
             Quit the game on level 1 of the Dungeon.
             The game lasted 00:00:59 (115 turns).

Biggs the Trooper (Demonspawn Fighter)               Turns: 115, Time: 00:00:59

Health: 12/24      AC:  6    Str: 16    XL:     2   Next: 3%
Magic:  2/2        EV:  7    Int:  8    God:
Gold:   10         SH:  4    Dex: 12    Spells: 1/1 levels left

rFire   . .          .
                       - Unarmed
rCold   . . .        b - +0 buckler
rNeg    . . .        a - +0 scale mail
rPois   .            (no helmet)
rElec   .            (no cloak)
rCorr   .            (no gloves)
SInv    .            (no boots)
Will    .....        (no amulet) Stlth
                     (no ring)
HPRegen 0.24/turn    (no ring)
MPRegen 0.08/turn

%: no passive effects
@: no status effects
A: foul stench 1
a: no special abilities


You were on level 1 of the Dungeon.
You visited 1 branch of the dungeon, and saw 1 of its levels.

You collected 10 gold pieces.

Inventory:

Armour
 a - a +0 scale mail (worn)
 b - a +0 buckler (worn)
Potions
 c - a potion of might


   Skills:
 - Level 3.0 Fighting
 - Level 2.6 Armour
 - Level 2.6 Shields
 + Level 2.5 Unarmed Combat


You had one spell level left.
You didn't know any spells.
Your spell library was empty.

Dungeon Overview and Level Annotations

Branches:
Dungeon (1/15)

Altars:


Innate Abilities, Weirdness & Mutations

You may rarely emit foul miasma when damaged in melee.


Message History

You hit the quokka.
You kill the quokka!
The ball python bites you but does no damage.
The ball python constricts you. You block the frilled lizard's attack.
You hit the ball python.
You kill the ball python!
The frilled lizard closely misses you. The goblin hits you but does no damage.
Unknown command.
You barely miss the goblin. You block the frilled lizard's attack.
The goblin closely misses you.
You closely miss the goblin. The goblin hits you but does no damage.
You block the frilled lizard's attack.
You barely miss the frilled lizard. The goblin hits you with a +0 club.
The frilled lizard bites you but does no damage.
You hit the frilled lizard.
You kill the frilled lizard!
The goblin hits you but does no damage.
You hit the goblin.
You kill the goblin!
The hobgoblin hits you but does no damage.
You hit the hobgoblin.
The hobgoblin is lightly wounded.
The hobgoblin hits you but does no damage.
You hit the hobgoblin.
The hobgoblin is heavily wounded.
The hobgoblin hits you.
You barely miss the hobgoblin.
The hobgoblin is heavily wounded.
You block the hobgoblin's attack.
Unknown command.
You hit the hobgoblin.
You kill the hobgoblin!
You have reached level 2!
Your demonic ancestry asserts itself...
You begin to emit a foul stench of rot and decay.
Unknown command.
You now have 10 gold pieces.
Things that are here:
a +0 club; a quokka corpse Are you sure you want to abandon this character and quit the game? (Confirm with "yes".)

#.....# .#
#.....#..
##.....#.
....... #.....#
#.....# #.....#
##########.)@..#
#..............#
#..............#
#..........#####
#.....♣....#
#....ß.....#
#####..........#
...............#
.###....<......#


There were no monsters in sight!

Vanquished Creatures
  A giant cockroach (D:1)
  2 goblins (D:1)
  A hobgoblin (D:1)
  A quokka (D:1)
  A ball python (D:1)
  2 frilled lizards (D:1)
8 creatures vanquished.

Notes
Turn   | Place    | Note
-------+----------+-------------------------------------------
     0 | D:1      | Biggs the Demonspawn Fighter began the quest for the Orb.
     0 | D:1      | Reached XP level 1. HP: 18/18 MP: 1/1
   113 | D:1      | Gained mutation: You may rarely emit foul miasma when
                  | damaged in melee. [demonic ancestry]
   113 | D:1      | Reached XP level 2. HP: 12/24 MP: 2/2
   115 | D:1      | Quit the game

Illustrated notes

Levels and vault maps discovered:
D:1:      wander_arrival_lonely_grave, layout_basic,
          ebering_ecumenical_altar_petrified, amcnicky_mini_corridor_feature,
          minmay_domino_4

Skill      XL: |  1 |
---------------+----+-----
Unarmed Combat | 2 |  2.5
Fighting       | |  3.0
Armour         | |  2.6
Shields        | |  2.6

Action                     || total
---------------------------++-------
  Melee: Unarmed           ||    27
 Armour: Scale mail        ||    34
  Dodge: Dodged            ||     7
  Block: Buckler           ||    10

Table legend: (Time is in decaauts)
 A = Elapsed time spent in this place.
 B = Non-inter-level travel time spent in this place.
 C = Inter-level travel time spent in this place.
 D = Time resting spent in this place.
 E = Time spent auto-exploring this place.
 F = Levels seen in this place.
 G = Mean time per level.
                   A        B        C        D        E       F      G
               +--------+--------+--------+--------+--------+-----+--------+
         Total |    115 |    115 |      0 |      0 |      0 |   1 |  115.0 |
       Dungeon |    115 |    115 |      0 |      0 |      0 |   1 |  115.0 |
               +--------+--------+--------+--------+--------+-----+--------+

Top non-repeatable levels by time:
     D:1: 115 daAuts
